AoeStats
← flynorc

Four Lakes

507557115Analyzed
1v1 RM · 13d ago on Sep 18, 2026· 39m 42s· 2 players
Game mode
Random Map
Map size
Tiny (2 player)
Population
200
Speed
Normal
Resources
Standard
Victory
Conquest
Starting age
Dark Age
Ending age
Imperial Age
RankedLock teamsTeams togetherTeam positionsShared explorationLock speedFull tech treeHidden civsTurbo modeCheats
Victory
Defeat
🇦🇹 Italians · Austria
1553
+16
🇺🇸 Dravidians · United States
1562
-16
flynorc
7:27 Loom
10:19 Feudal Age
11:00 Double-Bit Axe
11:34 Fishing Lines
16:33 Castle Age
15:58 Gold Mining
17:16 Gillnets
19:05 Bow Saw
22:13 Wheelbarrow
25:08 Imperial Age
23:00 Fletching
23:27 Padded Archer Armor
24:02 Bodkin Arrow
24:54 Leather Archer Armor
25:00 Ballistics
25:46 Scale Barding Armor
26:32 Bracer
27:44 Chemistry
27:30 Murder Holes
28:57 Medium Warships
31:43 Light Cavalry
32:29 Husbandry
33:11 Bloodlines
36:03 Chain Barding Armor
35:53 Forging
36:30 Hand Cart
36:02 Town Watch
36:19 Hussar
38:15 Plate Barding Armor
40:11 Iron Casting
40:06 Ring Archer Armor
brendansexson
11:04 Loom
14:15 Feudal Age
17:48 Castle Age
16:01 Double-Bit Axe
17:02 Fletching
17:12 Padded Archer Armor
18:32 Fishing Lines
19:40 Bow Saw
21:48 Wheelbarrow
22:49 Ballistics
22:24 Horse Collar
23:03 Town Watch
25:04 Gold Mining
31:27 Imperial Age
29:00 Elite Skirmisher
29:39 Bodkin Arrow
30:00 Leather Archer Armor
31:49 Thumb Ring
32:35 Husbandry
35:09 Bracer
37:06 Ring Archer Armor
39:03 Ring Archer Armor
Connection lost

Rejoining the realm…

Still unreachable

The connection could not be restored.

Session expired

The server has moved on; the page needs a fresh start.